 Dungeon Crawl Stone Soup version 0.25-a0-781-gc44aebf4fe (webtiles) character file.

Game seed: 4445100312977573125, levelgen mode: deterministic

207 kae the Ruffian (level 5, 0/40 HPs)
             Began as a Draconian Transmuter on Apr 15, 2020.
             Slain by an orc priest
             ... wielding a +2 hand axe of flaming
              (2 damage)
             ... on level 4 of the Dungeon.
             The game lasted 00:02:11 (2956 turns).

kae the Ruffian (Draconian Transmuter)              Turns: 2956, Time: 00:02:12

Health: 0/40       AC:  6    Str: 13    XL:     5   Next: 54%
Magic:  2/9        EV: 12    Int: 13    God:
Gold:   92         SH:  0    Dex: 12    Spells: 0/10 levels left

rFire    . . .     SeeInvis .     - Unarmed
rCold    . . .     Gourm    .   (no shield)
rNeg     . . .     Faith    .   (armour unavailable)
rPois    .         Spirit   .   (helmet restricted)
rElec    .         Reflect  .   g - +0 cloak
rCorr    .         Harm     .   (no gloves)
MR       .....                  (no boots)
Stlth    +.........             (no amulet)
HPRegen  0.13/turn              (no ring)
MPRegen  0.11/turn              (no ring)

@: very slightly contaminated
A: unfitting armour, blink, blurry vision 1, cold-blooded, AC +5
a: Blink


You were on level 4 of the Dungeon.
You were hungry.

You visited 1 branch of the dungeon, and saw 4 of its levels.

You collected 92 gold pieces.

Inventory:

Missiles
 a - 56 arrows
Armour
 g - a +0 cloak (worn)
Jewellery
 b - an uncursed amulet of regeneration {unknown}
 d - an uncursed amulet of regeneration {unknown}
 h - an uncursed amulet of rage {unknown}
Scrolls
 e - a scroll of magic mapping {unknown}
 i - a scroll of remove curse {unknown}
 m - a scroll of identify {unknown}
Potions
 l - a potion of stabbing
 n - a potion of curing
Comestibles
 c - 8 rations


   Skills:
 - Level 1.1 Fighting
 - Level 1.7 Dodging
 * Level 4.9 Unarmed Combat
 + Level 3.1 Spellcasting
 + Level 3.3 Transmutations


You couldn't memorise any spells.
You knew the following spells:

 Your Spells              Type           Power        Failure   Level  Hunger
a - Beastly Appendage     Tmut           ##....       6%          1    #......
b - Sticks to Snakes      Tmut           ##......     9%          2    ##.....
c - Spider Form           Tmut/Pois      #.........   34%         3    ###....
d - Ice Form              Ice/Tmut       #.......     75%         4    #####..

Your spell library contained the following spells:

 Spells                   Type           Power        Failure   Level  Hunger
 Blade Hands              Tmut           ##........   85%         5    ######.


Dungeon Overview and Level Annotations

Branches:
Dungeon (4/15)
 Temple: D:4-7

Altars:
Cheibriados
Dithmenos
Fedhas
Kikubaaqudgha


Innate Abilities, Weirdness & Mutations

Your plain brown scales are hard. (AC +5)
You cannot fit into any form of body armour.
You are cold-blooded and may be slowed by cold attacks.
You can translocate small distances at will.
Scrolls take you a little longer to read.


Message History

You tail-slap the orc priest, but do no damage.
The orc priest is lightly wounded.
The orc priest calls upon Beogh to heal the orc.
The orc's wounds heal themselves!
The orc hits you but does no damage.
You hit the orc priest.
The orc priest is heavily wounded.
The orc priest casts a cantrip, but nothing happens.
You barely miss the orc priest.
The orc priest is heavily wounded.
The orc priest invokes the aid of Beogh against you.
Beogh smites you!
* * * LOW HITPOINT WARNING * * *
The orc hits you with a +0 flail.
* * * LOW HITPOINT WARNING * * *
You completely miss the orc priest.
The orc priest is heavily wounded.
The orc priest hits you with a +2 hand axe of flaming.
* * * LOW HITPOINT WARNING * * *
The orc priest burns you.
You die...

##..#### #......###
#........# #........##
#.........# #....##...## #
##...####...##
###.########....# ##...##
..........oo@...####.....#
........s.##o.....[....#.##
........#####.........###.#
.o##....# #[..####..###.#
#....# #..## #...##..##
##...# #..# #...#....##
#)..# #..# #..........
##..# #..# #....####.. #.%.
##.# #.... ##.


You could see a scorpion, an orc priest and 2 orcs.

Vanquished Creatures
  2 orc wizards
  A worker ant (D:4)
  4 adders
  2 oozes (D:2)
  An adder skeleton (D:4)
  A worm (D:2)
  A dart slug (D:1)
  A leopard gecko (D:2)
  4 orcs
  8 bats
  5 giant cockroaches
  9 goblins
  5 hobgoblins
  10 jackals
  2 quokkas
  5 frilled lizards (D:1)
  4 kobolds
  7 rats
72 creatures vanquished.

Notes
Turn   | Place    | Note
-------+----------+-------------------------------------------
     0 | D:1      | kae the Draconian Transmuter began the quest for the Orb.
     0 | D:1      | Reached XP level 1. HP: 16/16 MP: 3/3
    47 | D:1      | Reached XP level 2. HP: 16/23 MP: 3/5
   628 | D:2      | Found a snail-covered altar of Cheibriados.
   628 | D:2      | Found a shadowy altar of Dithmenos.
   628 | D:2      | Found a blossoming altar of Fedhas.
   900 | D:2      | Reached XP level 3. HP: 25/28 MP: 6/6
  1267 | D:2      | Reached skill level 4 in Unarmed Combat
  1359 | D:2      | Reached XP level 4. HP: 22/35 MP: 7/7
  1501 | D:2      | Learned a level 2 spell: Sticks to Snakes
  1505 | D:2      | Learned a level 3 spell: Spider Form
  1530 | D:2      | Found an ancient bone altar of Kikubaaqudgha.
  2349 | D:3      | Reached XP level 5. HP: 37/40 MP: 7/9
  2355 | D:3      | Learned a level 4 spell: Ice Form
  2436 | D:4      | Gained mutation: Scrolls take you a little longer to read.
                  | [potion of mutation]
  2436 | D:4      | Gained mutation: You can translocate small distances at
                  | will. [potion of mutation]
  2653 | D:4      | Found a shadowy altar of Dithmenos.
  2956 | D:4      | HP: 2/40 [orc priest/+2 hand axe of flaming (5)]
  2956 | D:4      | Slain by an orc priest

Levels and vault maps discovered:
D:1:      moated_graveyard_arrival, layout_basic
D:2:      layout_rooms, chequers_temple_overflow_statue_of_worship,
          nicolae_overflow_crystal_walls
D:3:      layout_rooms
D:4:      layout_layer_cave, grunt_dithmenos_smoke_and_mirrors

Skill      XL: |  1  2  3  4 |
---------------+-------------+-----
Unarmed Combat | 4 |  4.9
Transmutations | 3 |  3.3
Spellcasting   | 3 |  3.1
Fighting       | |  1.1
Dodging        | |  1.7

Action                   |  1- 3 |  4- 6 || total
-------------------------+-------+-------++-------
Melee: Unarmed           |   146 |   140 ||   286
       Kick              |     4 |     4 ||     8
       Tailslap          |    10 |    12 ||    22
       Headbutt          |     3 |    10 ||    13
       Punch             |     1 |     2 ||     3
 Cast: Beastly Appendage |    23 |    18 ||    41
       Spider Form       |       |     1 ||     1
  Use: Scroll            |     1 |     3 ||     4
       Potion            |       |     6 ||     6
  Eat: Chunk             |     2 |     5 ||     7
Armor: Skin              |    57 |    39 ||    96
Dodge: Dodged            |   126 |    92 ||   218

Table legend:
 A = Non-vault XP
 B = Vault XP
 C = Vault XP percentage of total XP
 D = Non-vault monster count
 E = Vault monster count
 F = Vault count percentage of total count
                 A         B        C        D         E       F
            +---------+---------+-------+---------+---------+-------
      Total |     297 |       0 |   0.0 |      72 |       0 |   0.0
            +---------+---------+-------+---------+---------+-------
        D:1 |      32 |       0 |   0.0 |      19 |       0 |   0.0
        D:2 |      72 |       0 |   0.0 |      21 |       0 |   0.0
        D:3 |     106 |       0 |   0.0 |      23 |       0 |   0.0
        D:4 |      87 |       0 |   0.0 |       9 |       0 |   0.0
            +---------+---------+-------+---------+---------+-------
